 Dungeon Crawl Stone Soup version 0.23.0 (webtiles) character file.

Game seed: 9327033542307821262

490 Borgoz the Sneak (level 7, 0/58 (59) HPs)
             Began as a Ghoul Assassin on Feb 17, 2019.
             Slain by Duvessa
             ... wielding a +0 short sword
              (5 damage)
             ... on level 4 of the Dungeon.
             The game lasted 00:06:44 (3274 turns).

Borgoz the Sneak (Ghoul Assassin)                   Turns: 3274, Time: 00:06:45

HP:   0/58 (59)     AC:  3    Str: 15    XL:     7   Next: 14%
MP:   6/6           EV: 13    Int:  6    God:
Gold: 247           SH:  0    Dex: 12    Spells: 6/6 levels left

rFire    . . .     SeeInvis .   a - +1 dagger (venom)
rCold    + . .     Gourm    .   (no shield)
rNeg     + + +     Faith    .   c - +0 robe
rPois    ∞         Spirit   .   (no helmet)
rElec    .         Reflect  .   d - +0 cloak
rCorr    .         Harm     .   (no gloves)
MR       +....                  (no boots)
Stlth    +++.......             j - amulet of magic regeneration
HPRegen  0.00/turn              m - ring of wizardry
MPRegen  0.35/turn              y - ring of protection from magic

@: rotting, hasted, very quick
A: rotting body, claws 1, carnivore, cold resistance 1, negative energy
resistance 3, inhibited regeneration, torment resistance, unbreathing
a: no special abilities


You were on level 4 of the Dungeon.
You were not hungry.

You visited 1 branch of the dungeon, and saw 5 of its levels.

You collected 247 gold pieces.

Inventory:

Hand Weapons
 a - a +1 dagger of venom (weapon)
 b - a +0 blowgun
Missiles
 e - 39 poisoned needles
 f - 5 curare-tipped needles
Armour
 c - a +0 robe (worn)
 d - a +0 cloak (worn)
Jewellery
 j - an amulet of magic regeneration (around neck)
 m - a ring of wizardry (left claw)
 y - a ring of protection from magic (right claw)
 A - an uncursed amulet of the acrobat {unknown}
 C - a +1 ring of protection {unknown}
Wands
 w - a wand of acid (4)
 B - a wand of disintegration (16)
Scrolls
 i - 6 scrolls of remove curse
 k - 3 scrolls of amnesia {unknown}
 l - 5 scrolls of identify
 o - 2 scrolls of enchant weapon {unknown}
 p - a scroll of magic mapping {unknown}
 r - 2 scrolls of immolation {unknown}
 t - 2 scrolls of teleportation {unknown}
 v - a scroll of blinking {unknown}
 x - a scroll of enchant armour {unknown}
Potions
 h - a potion of resistance {unknown}
 n - a potion of ambrosia
 q - a potion of haste
 s - a potion of might {unknown}
 u - a potion of degeneration {unknown}
 z - a potion of curing {unknown}
 D - a potion of flight {unknown}
 E - a potion of mutation {unknown}
 F - a potion of heal wounds
Comestibles
 g - 9 rations


   Skills:
 + Level 4.0 Fighting
 + Level 3.3 Short Blades
 + Level 3.3 Throwing
 + Level 2.9 Dodging
 + Level 5.9 Stealth


You had 6 spell levels left.
You didn't know any spells.
Your spell library was empty.

Dungeon Overview and Level Annotations

Branches:
Dungeon (5/15)
 Temple: D:4-7

Altars:
Cheibriados
Elyvilon

Annotations:
D:4 Duvessa


Innate Abilities, Weirdness & Mutations

Your body is rotting away.
You thrive on raw meat.
You are immune to poison.
You have sharp fingernails.
You are carnivorous and can eat meat at any time.
Your flesh is cold resistant. (rC+)
You are immune to negative energy. (rN+++)
You do not regenerate when monsters are visible.
You are immune to unholy pain and torment.
You can survive without breathing.


Message History

Aim: Duvessa, wielding a +0 short sword and wearing a +0 leather armour (heavily wounded, poisoned)
You shoot a poisoned needle. The poisoned needle hits Duvessa.
Duvessa looks as sick as possible!
Duvessa is heavily wounded.
Your +1 dagger of venom begins to drip with poison!
a - a +1 dagger of venom (weapon)
You hit Duvessa.
Duvessa is heavily wounded.
You hit Duvessa but do no damage.
Duvessa looks as sick as possible!
Duvessa is heavily wounded.
Duvessa completely misses you.
You hit Duvessa.
Duvessa is heavily wounded.
You hit Duvessa.
Duvessa looks as sick as possible!
Duvessa is severely wounded.
Duvessa barely misses you.
You hit Duvessa but do no damage.
Duvessa is severely wounded.
Duvessa hits you with a +0 short sword.
You die...

#.#####..........
#....>............
##.####..........#
#.# #..........#
#.## #..........#
#..# #..........#
##.###[.........#
#..######...###
##(((.((e@#...
######..##.#.
#.!.# #$### ...
.##. #.. #. .# .+
#... . .# ## #...#
# ....a #


You could see Duvessa.

Vanquished Creatures
  An ogre (D:5)
  A scorpion (D:4)
  Dowan (D:4)
  A centaur skeleton (D:5)
  2 hounds (D:5)
  An iguana (D:5)
  A worker ant (D:4)
  A howler monkey skeleton (D:5)
  3 adders
  3 gnolls (D:3)
  4 shadow imps (D:5)
  An adder skeleton (D:5)
  2 dart slugs
  A leopard gecko (D:3)
  An orc (D:3)
  11 bats
  3 giant cockroaches
  4 goblins (D:1)
  4 hobgoblins
  8 jackals
  A quokka (D:3)
  5 frilled lizards
  A jackal skeleton (D:5)
  8 kobolds
  7 rats
76 creatures vanquished.

Vanquished Creatures (others)
  A quokka (D:3)
1 creature vanquished.

Grand Total: 77 creatures vanquished

Notes
Turn   | Place    | Note
-------+----------+-------------------------------------------
     0 | D:1      | Borgoz the Ghoul Assassin began the quest for the Orb.
     0 | D:1      | Reached XP level 1. HP: 17/17 MP: 0/0
    92 | D:1      | Reached skill level 1 in Dodging
   125 | D:1      | Reached XP level 2. HP: 24/24 MP: 1/1
   505 | D:1      | Reached XP level 3. HP: 30/30 MP: 2/2
  1109 | D:2      | Found a faded altar of an unknown god.
  1181 | D:2      | Reached XP level 4. HP: 11/37 MP: 3/3
  1499 | D:3      | Found a white marble altar of Elyvilon.
  1633 | D:3      | Reached skill level 5 in Stealth
  1838 | D:3      | HP: 1/38 [gnoll/+0 spear (5)]
  2321 | D:3      | Found a snail-covered altar of Cheibriados.
  2365 | D:3      | Reached XP level 5. HP: 44/44 MP: 4/4
  2448 | D:4      | Noticed Duvessa
  2448 | D:4      | Noticed Dowan
  2485 | D:4      | Killed Dowan
  2625 | D:5      | Entered Level 5 of the Dungeon
  2635 | D:5      | Reached XP level 6. HP: 51/51 MP: 5/5
  3055 | D:5      | Reached XP level 7. HP: 47/57 MP: 6/6
  3274 | D:4      | Slain by Duvessa

Skill      XL: |  1  2  3  4  5  6  7 |
---------------+----------------------+-----
Dodging        | 1 2 |  2.9
Short Blades   | 2 3 |  3.3
Throwing       | 2 3 |  3.3
Stealth        | 5 |  5.9
Fighting       | 3 4 |  4.0

Action                   |  1- 3 |  4- 6 |  7- 9 || total
-------------------------+-------+-------+-------++-------
Melee: Dagger            |    85 |   108 |    20 ||   213
       Short sword       |    54 |    35 |       ||    89
 Fire: Blowgun           |       |       |     9 ||     9
  Use: Scroll            |       |     1 |     2 ||     3
       Potion            |       |       |     2 ||     2
 Stab: Sleeping          |     4 |     9 |     1 ||    14
  Eat: Chunk             |     5 |     9 |       ||    14
Armor: Robe              |    34 |    18 |     1 ||    53
Dodge: Dodged            |    90 |    81 |    11 ||   182
